 Dungeon Sprint DCSS version 0.21.1-1-g345015f (webtiles) character file.

121 relionnb the Ruffian (level 4, -7/40 HPs)
             Began as a Troll Transmuter on Mar 8, 2018.
             Was an Initiate of Nemelex Xobeh.
             Mangled by a two-headed ogre
             ... wielding a cursed -2 dire flail
              (8 damage)
             ... in the Dungeon (Sprint IX: "|||||||||||||||||||||||||||||").
             The game lasted 00:04:22 (180 turns).

relionnb the Ruffian (Troll Transmuter)              Turns: 180, Time: 00:04:24

Health: -7/40      AC:  5    Str: 15    XL:     4   Next: 76%
Magic:  6/6        EV: 11    Int:  9    God:    Nemelex Xobeh [......]
Gold:   0          SH:  0    Dex: 15    Spells: 7/8 levels left

rFire    + . .     SeeInvis .   w - +4 quarterstaff "Arbiter" {pain, rF+ Str-4 Dex+5}
rCold    . . .     Gourm    +   (shield currently unavailable)
rNeg     . . .     Faith    .   b - +0 robe
rPois    .         Spirit   .   (helmet restricted)
rElec    .         Reflect  .   (no cloak)
rCorr    .         Harm     .   (gloves unavailable)
MR       .....     NoTele   +   (boots unavailable)
Stlth    +.........             (no amulet)
HPRegen  0.53/turn              (no ring)
MPRegen  0.10/turn              (no ring)

@: no status effects
A: large, unfitting armour, claws 3, fast metabolism 3, gourmand, regeneration
1, shaggy fur 1, tough skin 2
a: Renounce Religion


You were in the Dungeon.
You worshipped Nemelex Xobeh.
Nemelex Xobeh was noncommittal.
You were full.

You visited 1 branch

Inventory:

Hand Weapons
 l - a +0 club
 m - a +0 giant club
 t - a +1 broad axe of chopping
 u - a +2 halberd
 v - a +2 morningstar of protection
 w - the +4 quarterstaff "Arbiter" (weapon) {pain, rF+ Str-4 Dex+5}
   (You found it in the Dungeon)

   In the hands of one skilled in necromantic magic, it inflicts extra damage on
   living creatures.
   It affects your strength (-4).
   It affects your dexterity (+5).
   It protects you from fire.
 x - a +2 rapier of distortion
 y - a +2 scimitar of flaming
Missiles
 a - 12 arrows
Armour
 b - a +0 robe (worn)
Magical Staves
 r - an uncursed staff of energy
Jewellery
 z - a +3 ring of strength
 A - a +3 ring of strength
Wands
 q - a wand of iceblast (10)
Scrolls
 j - 2 scrolls of blinking
 o - 3 scrolls of remove curse
 p - 2 scrolls of amnesia
Potions
 e - 5 potions of curing
 f - 3 potions of heal wounds
 g - a potion of haste
 h - 4 potions of magic
 i - a potion of berserk rage
 n - a potion of invisibility
Books
 c - a book of Changes

   Spells                             Type                      Level
   a - Beastly Appendage              Transmutation                1
   b - Sticks to Snakes               Transmutation                2
   c - Spider Form                    Transmutation/Poison         3
   d - Ice Form                       Ice/Transmutation            4
   e - Blade Hands                    Transmutation                5
Miscellaneous
 s - a plain deck of destruction
Comestibles
 d - 2 rations
 k - 3 chunks of flesh


   Skills:
 + Level 0.7 Fighting
 + Level 3.5 Dodging
 + Level 7.8 Unarmed Combat
 + Level 2.5 Spellcasting
 + Level 2.6 Transmutations


You had 7 spell levels left.
You knew the following spells:

 Your Spells              Type           Power        Failure   Level  Hunger
a - Beastly Appendage     Tmut           #.....       11%         1    ##.....


Dungeon Overview and Level Annotations

Branches:
Dungeon (1/1)

Altars:
Cheibriados
Dithmenos
Elyvilon
Fedhas
Gozag
Hepliaklqana
Kikubaaqudgha
Makhleb
Nemelex Xobeh
Okawaru
Qazlal
Ru
Sif Muna
Trog
Uskayaw
Vehumet
Wu Jian
Xom
Yredelemnul
Zin
The Shining One
Beogh
Jiyva
Lugonu


Innate Abilities, Weirdness & Mutations

You are too large for most types of armour.
You have claws for hands.
Your metabolism is lightning-fast.
You like to eat raw meat.
Your natural rate of healing is unusually fast.
You are covered in fur. (AC +1)
You have very tough skin. (AC +2)


Message History

The wight is wielding a short sword of draining.
The leopard gecko hisses angrily.
The two-headed ogre shouts in stereo!
The centaur shouts!
You barely miss the two-headed ogre.
The two-headed ogre hits you with an enchanted dire flail.
The two-headed ogre barely misses you.
You sock the two-headed ogre!
The two-headed ogre is lightly wounded.
The two-headed ogre hits you with an enchanted dire flail!!
The two-headed ogre hits you with a giant club!
* * * LOW HITPOINT WARNING * * *
You sock the two-headed ogre!
The two-headed ogre is moderately wounded.
The two-headed ogre hits you with an enchanted dire flail.
* * * LOW HITPOINT WARNING * * *
The two-headed ogre hits you with a giant club.
* * * LOW HITPOINT WARNING * * *
The two-headed ogre hits you with an enchanted dire flail!
You die...
Your body disappears without a glow.

▓.▓
▓Y▓
▓z▓
▓c▓
▓l▓
▓S▓
▓O▓
▓@▓
▓.▓
▓[▓
▓[▓
▓[▓
▓.▓
▓.▓
▓.▓
▓.▓


You could see a two-headed ogre, an ice beast, a centaur, a wight, an adder and
a leopard gecko.

Vanquished Creatures
  An ogre (D)
  A worker ant (D)
  A leopard gecko (D)
  An orc (D)
  A bat (D)
  A giant cockroach (D)
  2 goblins (D)
  A kobold (D)
  A rat (D)
10 creatures vanquished.

Notes
Turn   | Place    | Note
-------+----------+-------------------------------------------
     0 | D        | relionnb the Troll Transmuter began the quest for the Orb.
     0 | D        | Reached XP level 1. HP: 18/18 MP: 1/1
    11 | D        | Reached skill level 4 in Unarmed Combat
    23 | D        | Noticed a worker ant
    23 | D        | Noticed an ogre
    28 | D        | Reached XP level 2. HP: 22/26 MP: 3/3
    37 | D        | Killed an ogre
    37 | D        | Reached skill level 7 in Unarmed Combat
    37 | D        | Reached XP level 3. HP: 15/32 MP: 3/5
    37 | D        | Reached XP level 4. HP: 19/40 MP: 3/6
    88 | D        | Found a roughly hewn altar of Beogh.
    88 | D        | Found a snail-covered altar of Cheibriados.
    88 | D        | Found a shadowy altar of Dithmenos.
    88 | D        | Found a white marble altar of Elyvilon.
    88 | D        | Found a blossoming altar of Fedhas.
    88 | D        | Found an opulent altar of Gozag.
    89 | D        | Found a hazy altar of Hepliaklqana.
    90 | D        | Found a viscous altar of Jiyva.
    91 | D        | Found an ancient bone altar of Kikubaaqudgha.
    92 | D        | Found a corrupted altar of Lugonu.
    93 | D        | Found a burning altar of Makhleb.
    94 | D        | Found a sparkling altar of Nemelex Xobeh.
    95 | D        | Found an iron altar of Okawaru.
    96 | D        | Found a stormy altar of Qazlal.
    97 | D        | Found a sacrificial altar of Ru.
    98 | D        | Found a deep blue altar of Sif Muna.
    99 | D        | Found a bloodstained altar of Trog.
   100 | D        | Found a hide-covered altar of Uskayaw.
   101 | D        | Found a radiant altar of Vehumet.
   102 | D        | Found an ornate altar of the Wu Jian Council.
   103 | D        | Found a shimmering altar of Xom.
   104 | D        | Found a basalt altar of Yredelemnul.
   105 | D        | Found a glowing silver altar of Zin.
   106 | D        | Found a glowing golden altar of the Shining One.
   136 | D        | Became a worshipper of Nemelex Xobeh the Trickster
   155 | D        | Received a gift from Nemelex Xobeh
   159 | D        | Got the +4 quarterstaff "Arbiter" {pain, rF+ Str-4 Dex+5}
   177 | D        | Noticed an ice beast
   177 | D        | Noticed a centaur
   177 | D        | Noticed a two-headed ogre
   180 | D        | HP: 1/40 [two-headed ogre/enchanted dire flail (2)]
   180 | D        | Mangled by a two-headed ogre

Skill      XL: |  1  2 |
---------------+-------+-----
Dodging        | 2 3 |  3.5
Unarmed Combat | 4 7 |  7.8
Spellcasting   | 2 |  2.5
Transmutations | 2 |  2.6
Fighting       | |  0.7

Action                   |  1- 3 |  4- 6 || total
-------------------------+-------+-------++-------
Melee: Unarmed           |    21 |     3 ||    24
       Quarterstaff      |       |     3 ||     3
       Punch             |       |     1 ||     1
  Eat: Chunk             |       |     4 ||     4
Armor: Robe              |     4 |       ||     4
Dodge: Dodged            |     3 |     3 ||     6
